 Dungeon Crawl Stone Soup version 0.29.1-13-g9f3cf754e1 (webtiles) character file.

Game seed: 3726594302567210942

990 croobank the Sneak (level 8, -6/81 HPs)
             Began as an Octopode Wanderer on Jan 31, 2023.
             Mangled by an orc warrior
             ... wielding a +0 war axe of electrocution
              (17 damage)
             ... on level 6 of the Dungeon.
             The game lasted 00:16:28 (6090 turns).

croobank the Sneak (Octopode Wanderer)              Turns: 6090, Time: 00:16:28

Health: -6/81      AC: 32    Str: 11    XL:     8   Next: 18%
Magic:  13/13      EV:  2    Int: 14    God:
Gold:   340        SH:  9    Dex: 20    Spells: 13/14 levels left

rFire   x x .      SeeInvis .   a - +1 dagger (speed)
rCold   x . .      Faith    .   d - +3 buckler
rNeg    . . .      Spirit   .   (helmet currently unavailable)
rPois   +          Reflect  .   r - amulet of Elemental Vulnerability {rPois rF-- rC-- AC+8}
rElec   .          Harm     .   g - ring of poison resistance
rCorr   .          Rampage  .   e - ring of protection from cold
Will    .....      NoTele   +   A - +6 ring of dexterity
Stlth   +++.......              (no ring)
HPRegen 0.23/turn               (no ring)
MPRegen 0.13/turn               (no ring)
                                (no ring)
                                (no ring)

@: mighty, tree-form
A: stationary, stasis, torment immunity, boosted hp, almost no armour,
(amphibious), 8 rings, (camouflage 1), (gelatinous body 1), (nimble swimmer 1),
(tentacles)
a: no special abilities


You were on level 6 of the Dungeon.
You were a tree.
You visited 1 branch of the dungeon, and saw 6 of its levels.
You also visited: Sewer.

You collected 340 gold pieces.

Inventory:

Hand Weapons
 a - a +1 dagger of speed (weapon)
 k - a +0 short sword
 m - a +1 falchion of holy wrath
 p - a +0 rapier
 q - a +0 hand axe
 s - a +0 dagger of draining
 v - a +0 morningstar of protection
 B - a +1 trident of venom
Missiles
 f - 2 throwing nets
 h - 7 poisoned darts
Armour
 b - a +0 hat (melded)
 d - a +3 buckler (worn)
 C - an orb of wrath
Jewellery
 e - a ring of protection from cold (right branch)
 g - a ring of poison resistance (left branch)
 i - an amulet of the acrobat
 r - the amulet of Elemental Vulnerability (around neck) {rPois rF-- rC-- AC+8}
   (You found it on level 3 of the Dungeon)

   [amulet of nothing]

   AC:        It affects your AC (+8).
   rF:        It makes you very vulnerable to fire.
   rC:        It makes you very vulnerable to cold.
   rPois:     It protects you from poison.
 A - a +6 ring of dexterity (on tentacle)
Wands
 o - a wand of flame (22)
 E - a wand of charming (7)
Scrolls
 c - a scroll of identify
 u - a scroll of amnesia
 y - a scroll of teleportation
Potions
 j - 2 potions of magic
 n - 2 potions of might
 x - 2 potions of cancellation
 z - 2 potions of haste
 D - 2 potions of brilliance


   Skills:
 + Level 3.7 Fighting
 + Level 3.5 Throwing
 + Level 5.7 Stealth
 + Level 4.6 Shields
 + Level 3.7 Spellcasting
 + Level 2.0 Necromancy
 + Level 3.9 Invocations


You had 13 spell levels left.
You knew the following spells:

 Your Spells              Type           Power      Damage    Failure   Level
a - Necrotise             Necr           32%        1d5       11%         1

Your spell library contained the following spells:

 Spells                   Type           Power      Damage    Failure   Level
 Vampiric Draining        Necr           8%         2d6       32%         3


Dungeon Overview and Level Annotations

Branches:
Dungeon (6/15)              Sewer (visited)
 Temple: D:4-7

Altars:
Ashenzari
Dithmenos
Hepliaklqana
Okawaru
Vehumet


Innate Abilities, Weirdness & Mutations

You are a tree.
Your roots penetrate the ground, keeping you stationary.
You cannot be teleported.
You are immune to unholy pain and torment.
Your maximum health is greatly increased.
You cannot wear most types of armour.
((You are amphibious.))
You can wear up to eight rings at the same time.
((Your skin changes colour to match your surroundings (Stealth+).))
((Your rubbery body absorbs attacks. (AC +1, EV +1)))
((You are camouflaged when in or above water. (Stealth+)))
((You have tentacles for arms and can constrict up to eight enemies at once.))


Message History

The orc warrior hits you with a +0 war axe of electrocution.
* * * LOW HITPOINT WARNING * * *
The howler monkey hoots and howls with incredible vigour!
You hear a shout! x2
You hit the orc warrior but do no damage.
The orc warrior is heavily wounded.
The orc warrior hits you but does no damage.
You swing at nothing.
You feel less invigorated.
You feel less confused. You block the howler monkey's attack.
You hit the orc warrior.
The orc warrior is heavily wounded.
The orc warrior hits you with a +0 war axe of electrocution!
* * * LOW HITPOINT WARNING * * *
The howler monkey barely misses you.
You closely miss the orc warrior.
The orc warrior is heavily wounded.
You block the orc warrior's attack.
The howler monkey hits you but does no damage.
Aiming: Charm
Press: ? - help, Shift-Dir - straight line, f - howler monkey, p - orc warrior
Aim: a howler monkey (chance to affect: 57%)
The howler monkey resists with significant effort.
The howler monkey hoots and howls with incredible vigour!
The orc warrior hits you but does no damage.
You hear a shout!
Aiming: Charm
Press: ? - help, Shift-Dir - straight line, f/p - howler monkey
Aim: a howler monkey (catching its breath, chance to affect: 57%)
The howler monkey resists with significant effort.
The howler monkey hits you but does no damage.
You block the orc warrior's attack.
Aiming: Charm
Press: ? - help, Shift-Dir - straight line, f/p - howler monkey
Aim: a howler monkey (catching its breath, chance to affect: 57%)
The howler monkey is charmed.
The orc warrior hits you with a +0 war axe of electrocution.
* * * LOW HITPOINT WARNING * * *
You are electrocuted!
You die...

#...........# #
##..........##...### #
#.....⌠.....#......## #
####...(......##........
#
..............#.........
#
.####........##..[......
# ###......#...!.⌠.... #
###...##..h....... #
###.....♣o...... #
#####........# #
###......# # ##...##
##.# #


You could see an orc warrior and a friendly howler monkey (charmed).

Vanquished Creatures
  The ghost of sanboga the Chopper, an amateur MiBe of Trog (D:5)
  An ogre (D:5)
  A howler monkey (D:4)
  A hound (D:5)
  3 orc priests
  A jelly (D:6)
  3 iguanas
  Natasha (thrice) (D:3)
  Terence (D:2)
  3 orc wizards
  8 adders
  6 river rats
  A worm (D:5)
  3 dart slugs
  15 orcs
  3 endoplasms
  3 giant cockroaches
  8 goblins
  8 hobgoblins
  11 jackals
  3 quokkas
  9 ball pythons
  7 bats
  5 frilled lizards (Sewer)
  18 rats
126 creatures vanquished.

Vanquished Creatures (others)
  A plant (D:6)
1 creature vanquished.

Grand Total: 127 creatures vanquished

Notes
Turn   | Place    | Note
-------+----------+-------------------------------------------
     0 | D:1      | croobank the Octopode Wanderer began the quest for the Orb.
     0 | D:1      | croobank set off with the following items: a +0 dagger, a
                  | +0 hat, a potion of heal wounds, a +2 buckler; and the
                  | following spell memorised: Necrotise; and the following
                  | spells available to memorise: Vampiric Draining.
     0 | D:1      | Reached XP level 1. HP: 13/13 MP: 3/3
   434 | D:1      | Reached XP level 2. HP: 8/18 MP: 5/5
   715 | D:1      | Reached skill level 3 in Stealth
   944 | D:1      | Reached XP level 3. HP: 18/23 MP: 6/6
  1541 | D:2      | Noticed Terence
  1549 | D:2      | Killed Terence
  1719 | D:2      | Reached XP level 4. HP: 29/29 MP: 7/7
  2184 | D:3      | Noticed Natasha
  2190 | D:3      | Killed Natasha
  2357 | D:3      | Noticed Natasha
  2365 | D:3      | Killed Natasha
  2366 | D:3      | Reached XP level 5. HP: 34/34 MP: 8/8
  2484 | D:2      | Reached skill level 4 in Stealth
  2764 | D:3      | Found a radiant altar of Vehumet.
  2826 | D:3      | Found a broken altar of Ashenzari.
  2879 | D:3      | Found a faded altar of an unknown god.
  2880 | D:3      | Noticed a great orb of eyes
  2881 | D:3      | Found the amulet of Elemental Vulnerability {rPois rF--
                  | rC-- AC+8}
  3223 | D:3      | Noticed a great orb of eyes
  3229 | D:3      | Noticed a shining eye
  3233 | D:3      | Noticed a great orb of eyes
  3306 | D:3      | Noticed Natasha
  3313 | D:3      | Killed Natasha
  3678 | D:4      | Reached XP level 6. HP: 41/41 MP: 10/10
  4140 | D:5      | Entered Level 5 of the Dungeon
  4360 | D:5      | Reached XP level 7. HP: 41/45 MP: 11/11
  4368 | D:5      | Found a glowing drain.
  4400 | Sewer    | Entered a sewer
  4805 | D:5      | Reached skill level 5 in Stealth
  4805 | D:5      | Reached skill level 1 in Necromancy
  4989 | D:5      | Found a shadowy altar of Dithmenos.
  5411 | D:5      | Found a large runed translucent door.
  5420 | D:5      | Found a large runed translucent door.
  5424 | D:5      | Noticed sanboga's ghost (amateur MiBe)
  5498 | D:5      | Found an iron altar of Okawaru.
  5712 | D:5      | Killed sanboga's ghost
  5713 | D:5      | Reached XP level 8. HP: 33/54 MP: 13/13
  6021 | D:6      | Found a hazy altar of Hepliaklqana.
  6072 | D:6      | HP: 2/54 [orc warrior/+0 war axe of electrocution (8)]
  6090 | D:6      | Mangled by an orc warrior

Illustrated notes

Levels and vault maps discovered:
D:1:      minmay_arrival_four_circles, layout_basic, minivault_24,
          minmay_misc_feat_rows, minmay_tree_intersection, nicolae_hexahallways
D:2:      layout_basic, amethyst_killhole, uniq_terence
D:3:      layout_basic, lemuel_coloured_pillars_altar,
          nicolae_vehumet_altar_sigil, hellmonk_ecumenical_altar_watching_god,
          uniq_natasha
D:4:      layout_cave_pools, dk_noncrumbling_3
D:5:      layout_basic, kennysheep_mini, nicolae_dithmenos_shadow_blocks,
          ebering_ghost_disaster_area, portal_sewer_entry_b
D:6:      minmay_skewed_foursquare, layout_basic,
          nicolae_overflow_crystal_walls, mainiacjoe_overflow_alcove_2,
          serial_bayou_crossing

Skill      XL: |  1  2  3  4  5  6  7  8 |
---------------+-------------------------+-----
Stealth        | 3 4 5 |  5.7
Invocations    | 2 3 |  3.9
Fighting       | 2 3 |  3.7
Throwing       | 2 3 |  3.5
Spellcasting   | 3 |  3.7
Shields        | 4 |  4.6
Necromancy     | 1 2 |  2.0

Action                   |  1- 3 |  4- 6 |  7- 9 || total
-------------------------+-------+-------+-------++-------
Melee: Dagger            |    55 |   153 |   129 ||   337
       Constrict         |    15 |    39 |    23 ||    77
       Tentacles         |     6 |    33 |    39 ||    78
       Punch             |       |     1 |     2 ||     3
 Cast: Necrotise         |       |       |     1 ||     1
Evoke: Wand              |       |       |     6 ||     6
  Use: Scroll            |       |    13 |     8 ||    21
       Potion            |       |       |     6 ||     6
 Stab: Sleeping          |    11 |     9 |    17 ||    37
Armor: Skin              |     2 |    40 |    31 ||    73
Dodge: Dodged            |    17 |    65 |    37 ||   119
Block: Buckler           |    22 |    58 |    26 ||   106
